 Dungeon Sprint DCSS version 0.30.1-11-g7821555f0a (webtiles) character file.

Game seed: 15343083356941962942

914 Groucho the Thaumaturge (level 7, -1/42 HPs)
             Began as a Deep Elf Earth Elementalist on Jan 3, 2024.
             Was a High Priest of Sif Muna.
             Slain by a fire crab (10 damage)
             ... in the Dungeon (Sprint VII: "The Pits").
             The game lasted 00:06:10 (2305 turns).

Groucho the Thaumaturge (DEEE)                      Turns: 2305, Time: 00:06:11

Health: -1/42      AC:  6    Str:  5    XL:     7   Next: 82%
Magic:  20/22      EV: 14    Int: 28    God:    Sif Muna [*****.]
Gold:   0          SH:  0    Dex: 15    Spells: 18/26 levels left

rFire   . . .        l - +1 dagger (elec)
rCold   . . .        (no shield)
rNeg    . . .        a - +0 robe
rPois   .            u - +0 helmet
rElec   .            n - +2 cloak {Stlth+}
rCorr   .            (no gloves)
SInv    .            (no boots)
Will    .....        (no amulet)
Stlth   +++++        o - +3 ring of intelligence
HPRegen 0.27/turn    p - +3 ring of intelligence
MPRegen 0.18/turn

%: no teleportation
@: no status effects
A: no striking features
a: Renounce Religion, Channel Magic, Forget Spell, Divine Exegesis


You were in the Dungeon.
You worshipped Sif Muna.
Sif Muna was extremely pleased with you.
You visited 1 branch

Inventory:

Hand Weapons
 h - a +2 dagger
 l - a +1 dagger of electrocution (weapon)
 m - a +2 long sword of flaming
 s - a +2 rapier of electrocution
Armour
 a - a +0 robe (worn)
 n - a +2 cloak of stealth (worn)
 t - a +5 ring mail
 u - a +0 helmet (worn)
Jewellery
 o - a +3 ring of intelligence (left hand)
 p - a +3 ring of intelligence (right hand)
Scrolls
 g - a scroll of blinking
 j - 5 scrolls of amnesia
 k - a scroll of summoning
Potions
 b - 5 potions of magic
 c - 7 potions of curing
 d - 12 potions of heal wounds
 e - 2 potions of haste
 f - 3 potions of berserk rage
 i - 2 potions of invisibility
 q - 3 potions of resistance
 r - a potion of mutation


   Skills:
 + Level 3.6 Fighting
 + Level 6.4 Short Blades
 + Level 0.7 Armour
 + Level 5.4 Dodging
 + Level 7.5 Stealth
 + Level 10.0 Spellcasting
 + Level 5.4 Conjurations
 + Level 8.0 Transmutations
 + Level 8.4 Earth Magic


You had 18 spell levels left.
You knew the following spells:

 Your Spells              Type           Power      Damage    Failure   Level
a - Sandblast             Erth           100%       2d20      1%          1
b - Stone Arrow           Conj/Erth      100%       3d13      1%          3
c - Petrify               Tmut/Erth      57%        N/A       1%          4

Your spell library contained the following spells:

 Spells                   Type           Power      Damage    Failure   Level
 Beastly Appendage        Tmut           100%       N/A       1%          1
 Passwall                 Tmut/Erth      47%        N/A       1%          2
 Wereblood                Tmut           56%        N/A       1%          2
 Spider Form              Tmut/Pois      36%        N/A       2%          3


Dungeon Overview and Level Annotations

Branches:
Dungeon (1/1)

Altars:
Ashenzari
Cheibriados
Dithmenos
Elyvilon
Fedhas
Gozag
Hepliaklqana
Kikubaaqudgha
Makhleb
Nemelex Xobeh
Okawaru
Qazlal
Ru
Sif Muna
Trog
Uskayaw
Vehumet
Wu Jian
Xom
Yredelemnul
Zin
The Shining One
Jiyva
Lugonu


Message History

Press: ? - help, Shift-Dir - straight line, f - fire bat
Aim: a fire bat (66% to hit)
The stone arrow hits the fire bat!!
You kill the fire bat!
Sif Muna accepts your kill.
Your Spellcasting skill increases to level 10!
Your Transmutations skill increases to level 8!
Unknown command.
Unknown command.
You start resting.
Magic restored.
You start waiting.
Done waiting.
You start waiting.
Done waiting.
You start waiting.
Done waiting.
There is a huge open gate to the Metal Vault (Medium) here.
There is a huge open gate to the Metal Vault (Medium) here.
Casting: Stone Arrow (safe; 1% risk of failure)
Confirm with . or Enter, or press ? or * to list all spells.
Aiming: Petrify (dangerous; 1% risk of failure)
Press: ? - help, Shift-Dir - straight line, f - fire crab
Aim: a fire crab (chance to affect: 58%)
The fire crab is moving more slowly.
Unknown command.
There is a huge open gate to the Metal Vault (Medium) here.
There is a huge open gate to the Metal Vault (Medium) here.
The fire crab stops moving altogether!
There is a huge open gate to the Metal Vault (Medium) here.
There is a huge open gate to the Metal Vault (Medium) here.
A freezing wraith comes into view.
The helpless fire crab fails to defend itself.
You perforate the fire crab like a sieve!!!
The fire crab is heavily wounded.
The fire crab is no longer petrified.
The fire crab bites you!
You are engulfed in flames!
The fire crab claws you!
* * * LOW HITPOINT WARNING * * *
You are engulfed in flames!
You die...

......'................+
#'#####......#..#......#
#.#[[##................#
#)#.)#####'#####''######
'.#))##.......##''#
###.)##.......##..#
..#..##.......##..#
..#'###...<...##..#
.....##.......##@.#
.....##.......##.t#
#######.......##.W.#
..#.. ##########....+
..#.############...##
#.#.#..÷.#..[.##..##
..#)#....#...[##..#
#.#.÷....'...)##..#
..#'#....#..))#


You could see a fire crab and a freezing wraith.

Vanquished Creatures
  A komodo dragon (D)
  A fire bat (D)
  A floating eye (D)
  A small abomination (D)
  2 bullfrogs (D)
  A scorpion (D)
  Crazy Yiuf (D)
  A gnoll bouda (D)
  An iron imp (D)
  An iguana (D)
  A mummy (D)
  An adder (D)
  2 river rats (D)
  A worm (D)
  3 orcs (D)
  A bat skeleton (D)
  An endoplasm (D)
  A hobgoblin (D)
  2 quokkas (D)
  A frilled lizard (D)
25 creatures vanquished.

Notes
Turn   | Place    | Note
-------+----------+-------------------------------------------
     0 | D        | Groucho the Deep Elf Earth Elementalist began the quest for
                  | the Orb.
     0 | D        | Reached XP level 1. HP: 10/10 MP: 6/6
    38 | D        | Found a glowing golden altar of the Shining One.
    38 | D        | Found a glowing silver altar of Zin.
    38 | D        | Found a basalt altar of Yredelemnul.
    38 | D        | Found a shimmering altar of Xom.
    38 | D        | Found an ornate altar of the Wu Jian Council.
    38 | D        | Found a bloodstained altar of Trog.
    38 | D        | Found a shimmering blue altar of Sif Muna.
    38 | D        | Found a sacrificial altar of Ru.
    38 | D        | Found a stormy altar of Qazlal.
    38 | D        | Found an iron altar of Okawaru.
    38 | D        | Found a sparkling altar of Nemelex Xobeh.
    38 | D        | Found a burning altar of Makhleb.
    38 | D        | Found a viscous altar of Jiyva.
    38 | D        | Found a hazy altar of Hepliaklqana.
    38 | D        | Found an opulent altar of Gozag.
    38 | D        | Found a blossoming altar of Fedhas.
    38 | D        | Found a white marble altar of Elyvilon.
    38 | D        | Found a shadowy altar of Dithmenos.
    38 | D        | Found a snail-covered altar of Cheibriados.
    39 | D        | Found a radiant altar of Vehumet.
    39 | D        | Found a corrupted altar of Lugonu.
    40 | D        | Found an ancient bone altar of Kikubaaqudgha.
    40 | D        | Found a hide-covered altar of Uskayaw.
    40 | D        | Found a broken altar of Ashenzari.
    41 | D        | Became a worshipper of Sif Muna the Loreminder
    49 | D        | Noticed a floating eye
    52 | D        | Killed a floating eye
    53 | D        | Reached skill level 5 in Stealth
    53 | D        | Reached skill level 6 in Spellcasting
    53 | D        | Reached skill level 5 in Earth Magic
    53 | D        | Reached XP level 2. HP: 17/17 MP: 3/11
    53 | D        | Reached XP level 3. HP: 21/21 MP: 3/12
    53 | D        | Reached XP level 4. HP: 26/26 MP: 3/14
   232 | D        | Learned a level 3 spell: Stone Arrow
   237 | D        | Learned a level 4 spell: Petrify
   246 | D        | Reached * piety under Sif Muna
   458 | D        | Noticed a scorpion
   462 | D        | Reached ** piety under Sif Muna
   468 | D        | Killed a scorpion
   469 | D        | Reached skill level 7 in Spellcasting
   469 | D        | Reached skill level 5 in Transmutations
   469 | D        | Reached XP level 5. HP: 30/30 MP: 7/16
   519 | D        | Noticed Crazy Yiuf
   538 | D        | Reached *** piety under Sif Muna
   539 | D        | Reached skill level 1 in Conjurations
   543 | D        | Reached skill level 5 in Short Blades
   543 | D        | Reached skill level 8 in Spellcasting
   597 | D        | Killed Crazy Yiuf
   597 | D        | Reached **** piety under Sif Muna
   598 | D        | Reached XP level 6. HP: 35/35 MP: 3/19
  1115 | D        | Reached skill level 9 in Spellcasting
  1257 | D        | Reached ***** piety under Sif Muna
  1257 | D        | Received a gift from Sif Muna
  1547 | D        | Noticed a komodo dragon
  1552 | D        | Killed a komodo dragon
  1553 | D        | Reached skill level 5 in Dodging
  1553 | D        | Reached skill level 5 in Conjurations
  1553 | D        | Reached XP level 7. HP: 41/41 MP: 6/22
  1953 | D        | Noticed a fire bat
  1955 | D        | Noticed a fire crab
  1972 | D        | Killed a fire bat
  1973 | D        | Reached skill level 10 in Spellcasting
  2302 | D        | Noticed a freezing wraith
  2305 | D        | Slain by a fire crab

Illustrated notes

Levels and vault maps discovered:
D:        pitsprint [storerooms_1, entrance_room_1, metal_vault_3, armoury_3,
          mini_pit_1, grid_room_1, main_hall_1, silver_pit, the_coven_2,
          the_vestibule_1, steel_vault_4, golden_pit, hallway_of_sentries,
          crystal_vault_3, iron_vault_2, final_vault]

Skill      XL: |  1  2  3  4  5  6  7 |
---------------+----------------------+-----
Fighting       | 2 3 |  3.6
Short Blades   | 3 4 5 6 |  6.4
Dodging        | 3 5 |  5.4
Stealth        | 5 7 |  7.5
Spellcasting   | 6 7 8 9 10 | 10.0
Transmutations | 4 5 6 7 8 |  8.0
Earth Magic    | 5 6 7 8 |  8.4
Conjurations   | 3 5 |  5.4
Armour         | |  0.7

Action                     |  1- 3 |  4- 6 |  7- 9 || total
---------------------------+-------+-------+-------++-------
  Melee: Dagger            |       |       |     6 ||     6
   Cast: Sandblast         |     4 |    11 |       ||    15
         Stone Arrow       |       |    20 |     3 ||    23
         Petrify           |       |       |     1 ||     1
   Stab: Petrified         |       |       |     1 ||     1
 Armour: Robe              |       |       |     1 ||     1
  Dodge: Dodged            |       |     3 |     4 ||     7
